Map: Lerilak Crest

Players

Nuckzer - Winner!

  • Race: Zerg Zerg
  • League: Diamond

Awesomesauce

  • Race: Protoss Protoss
  • League: Diamond

VOD

Have the link to the VOD?

Description

Time

  • Played on: March 20, 2016, 3:41 p.m.
  • Length: 6:05
Show
View Real Time Build Order
Export as new Build Order

Nuckzer Zerg - Winner!

Build Orders: Pool First 

Get SALT Encoding   

  12  0:01  Drone  
  13  0:10  Drone  
  14  0:27  Spawning Pool  
  13  0:34  Drone  
  14  0:40  Extractor  
  14  0:41  Drone  
  14  0:42  Extractor  
  13  0:43  Drone  
  16  0:51  Overlord  
  16  1:15  Zergling x4  
  16  1:18  Zergling x2  
  19  1:22  Queen  
  21  1:30  Zergling x2  
  22  1:33  Hatchery  
  21  1:51  Drone  
  22  1:54  Overlord  
  22  2:15  Drone x2  
  24  2:30  Drone  
  22  2:43  Drone x4  
  25  2:47  Extractor x2  
  23  2:52  Queen  
  25  3:01  Drone  
  25  3:03  Drone x3  
  29  3:08  Drone x2  
  29  3:09  Drone x2  
  33  3:33  Metabolic Boost  
  33  3:35  Drone x3  
  36  3:43  Overlord x2  
  36  3:49  Queen  
  36  3:50  Roach Warren, Hatchery  
  36  4:12  Zergling x2  
  36  4:13  Zergling x6  
  40  4:17  Zergling x4  
  40  4:18  Zergling x4  
  44  4:24  Drone  
  44  4:25  Drone x2  
  44  4:26  Drone  
  44  4:27  Evolution Chamber  
  47  4:35  Zergling x2  
  46  4:44  Roach x4  
  52  5:04  Zergling x12  
  52  5:06  Overlord x3  
  57  5:31  Drone x8  
  63  5:41  Zergling x8  
  63  5:42  Zergling x8  
Show
View Real Time Build Order
Export as new Build Order

Awesomesauce Protoss 

Build Orders: 1 Gate Expand 

Get SALT Encoding   

  12  0:01  Probe (Chrono Boost)  
  13  0:11  Probe (Chrono Boost)  
  14  0:21  Pylon  
  14  0:22  Probe (Chrono Boost)  
  15  0:39  Probe (Chrono Boost)  
  15  0:41  Gateway  
  16  0:50  Probe (Chrono Boost)  
  17  1:00  Probe (Chrono Boost)  
  19  1:11  Probe (Chrono Boost)  
  19  1:18  Nexus  
  19  1:22  Probe (Chrono Boost)  
  20  1:28  Assimilator  
  20  1:33  Pylon  
  20  1:43  Probe (Chrono Boost)  
  21  1:52  Cybernetics Core  
  21  1:54  Probe (Chrono Boost)  
  22  2:01  Zealot (Chrono Boost)  
  22  2:05  Pylon  
  24  2:10  Gateway  
  24  2:15  Cybernetics Core  
  22  2:43  Probe  
  21  2:49  Probe  
  22  2:55  Probe  
  23  2:59  Adept (Chrono Boost)  
  23  3:03  Probe  
  25  3:25  Probe x2  
  27  3:28  Pylon  
  27  3:31  Pylon  
  29  3:34  Adept (Chrono Boost)  
  29  3:39  Probe  
  32  3:41  Adept (Chrono Boost), Probe  
  33  3:53  Stargate  
  33  3:55  Probe  
  34  3:57  Probe  
  35  4:08  Probe x2 (Chrono Boost)  
  37  4:17  Assimilator  
  37  4:20  Probe x2 (Chrono Boost)  
  40  4:31  Probe (Chrono Boost)  
  40  4:47  Probe (Chrono Boost)  
  40  4:48  Oracle  
  44  4:53  Probe (Chrono Boost)  
  44  4:55  Assimilator, Forge  
  44  4:56  Gateway  
  44  4:58  Probe (Chrono Boost)  
  44  5:03  Probe (Chrono Boost)  
  45  5:08  Probe  
  46  5:23  Pylon  
  46  5:24  Probe  
  46  5:25  Probe  
  48  5:37  Probe  
Tags
 
Add a new tag
Caveats
  • Supply blocks, unpowered buildings, or Contaminate may cause inaccurate times.
  • Supply counts are checked every 10 seconds.